 Dungeon Crawl Stone Soup version 0.18-a0-1774-gce1f7b6 (webtiles) character file.

70 barb4r1an the Insei (level 4, 0/35 HPs)
             Began as a Demonspawn Monk on Apr 15, 2016.
             Slain by Robin
             ... wielding a +4 whip of pain
              (1 damage)
             ... on level 3 of the Dungeon.
             The game lasted 00:04:56 (2077 turns).

barb4r1an the Insei (Demonspawn Monk)               Turns: 2077, Time: 00:04:57

Health: 0/35       AC:  6    Str: 11    XL:     4   Next: 3%
Magic:  4/4        EV: 12    Int: 12    God:
Gold:   111        SH:  0    Dex: 16    Spells: 0 memorised, 3 levels left

rFire  . . .     SeeInvis .       - Unarmed
rCold  . . .     Gourm    .     d - +0 ring mail
rNeg   . . .     Faith    .     (no shield)
rPois  .         Spirit   .     (no helmet)
rElec  .         Dismiss  .     o - +0 cloak
rCorr  +         Reflect  .     (no gloves)
SustAt .         Harm     .     (no boots)
MR     .....                    (no amulet)
Stlth  +.........               n - ring of loudness (curse)
                                e - ring of resist corrosion

@: not resistant to hostile enchantments, very unstealthy
A: nightstalker 1, powered by pain 1
a: no special abilities


You were on level 3 of the Dungeon.
You were not hungry.

You visited 1 branch of the dungeon, and saw 3 of its levels.

You collected 111 gold pieces.

Inventory:

Armour
 a - a +0 robe
 d - a +0 ring mail (worn)
 o - a +0 cloak (worn)
Jewellery
 e - a ring of resist corrosion (left hand)
 k - an uncursed ring of teleportation
 n - a cursed ring of loudness (right hand)
Wands
 q - a wand of paralysis (8/24)
Scrolls
 c - a scroll of recharging {unknown}
 l - 3 scrolls of enchant weapon
 m - a scroll of identify
 r - a scroll of random uselessness {unknown}
Potions
 f - a potion of invisibility {unknown}
 g - 2 potions of ambrosia
 h - a potion of cure mutation {unknown}
 j - a potion of heal wounds {unknown}
 p - 2 potions of flight {unknown}
 s - a potion of lignification {unknown}
Comestibles
 b - a bread ration


   Skills:
 + Level 3.4 Fighting
 + Level 0.6 Armour
 + Level 3.2 Dodging
 - Level 1.8 Stealth
 + Level 4.3 Unarmed Combat


You had 3 spell levels left.
You didn't know any spells.

Dungeon Overview and Level Annotations

Branches:
Dungeon (3/15)

Altars:
Kikubaaqudgha
Trog

Annotations:
D:3 Robin


Innate Abilities, Weirdness & Mutations

You are slightly more attuned to the shadows.
You sometimes gain a little power by taking damage.


Message History

Things that are here:
a dagger; a club You barely miss Robin.
The goblin misses you. Robin hits you with a whip of pain.
* * * LOW HITPOINT WARNING * * *
You hit Robin but do no damage. The goblin closely misses you.
You barely miss Robin. Robin hits you with a whip of pain.
* * * LOW HITPOINT WARNING * * *
The goblin closely misses you.
You hit Robin but do no damage. Robin hits you with a whip of pain.
* * * LOW HITPOINT WARNING * * *
The goblin closely misses you.
You barely miss Robin. Robin completely misses you.
The goblin hits you but does no damage.
You hit Robin. You punch Robin.
Robin is heavily wounded.
Robin hits you with a whip of pain.
* * * LOW HITPOINT WARNING * * *
You writhe in agony.
You die...

#.#####(#...##....
#....._....#_....
##...#.#...##....
##..#.#.[.##8... ##
##.#.#.....# ##8# ..
#..........### ##
..#. #.#.).........#
#....###..........##
#sg@gg....$...[#
#.#####.#.....## #
#.##.?.## #.# ####
..# ###


You could see Robin, a giant cockroach and 2 goblins.

Vanquished Creatures
  2 adders
  An ooze (D:1)
  A worm (D:3)
  A giant gecko (D:1)
  An orc (D:3)
  3 giant cockroaches (D:1)
  4 hobgoblins
  2 jackals (D:1)
  8 kobolds
  A quokka (D:3)
  A ball python (D:2)
  2 bats (D:1)
  2 giant newts
  8 goblins
  6 rats
43 creatures vanquished.

Notes
Turn   | Place    | Note
--------------------------------------------------------------
     0 | D:1      | barb4r1an the Demonspawn Monk began the quest for the Orb.
     0 | D:1      | Reached XP level 1. HP: 18/18 MP: 1/1
     0 | D:1      | Noticed a tentacled monstrosity
     0 | D:1      | Noticed a shadow dragon
     2 | D:1      | Noticed an ice dragon
     5 | D:1      | Noticed an iron dragon
     6 | D:1      | Noticed a tentacled monstrosity
     7 | D:1      | Noticed an iron dragon
     9 | D:1      | Noticed an ice dragon
    11 | D:1      | Noticed a tentacled monstrosity
    11 | D:1      | Noticed an iron dragon
    13 | D:1      | Noticed a large abomination
    15 | D:1      | Noticed a tentacled monstrosity
    17 | D:1      | Noticed a tentacled monstrosity
    19 | D:1      | Noticed a green draconian
    21 | D:1      | Noticed an iron dragon
   261 | D:1      | Gained mutation: You sometimes gain a little power by taking damage. [demonic ancestry]
   261 | D:1      | Reached XP level 2. HP: 20/24 MP: 2/2
   336 | D:1      | Reached skill level 4 in Unarmed Combat
   817 | D:2      | Reached XP level 3. HP: 14/29 MP: 3/3
  1998 | D:3      | Found a bloodstained altar of Trog.
  2007 | D:3      | Found an ancient bone altar of Kikubaaqudgha.
  2059 | D:3      | Noticed Robin
  2066 | D:3      | Gained mutation: You are slightly more attuned to the shadows. [demonic ancestry]
  2066 | D:3      | Reached XP level 4. HP: 21/35 MP: 4/4
  2077 | D:3      | HP: 1/35 [Robin/whip of pain (2)]
  2077 | D:3      | Slain by Robin

Vault maps used:
D:1:      shiori_arrival_whats_in_store_for_you, minmay_tree_intersection,
          minmay_crystal_room
D:3:      minmay_door_path, lemuel_crystal_altar,
          nicolae_overflow_hidden_temple, uniq_robin

Skill      XL: |  1  2 |
---------------+-------+-----
Unarmed Combat | 4 |  4.3
Dodging        | 3 |  3.2
Fighting       | |  3.4
Armour         | |  0.6
Stealth        | |  1.8

Action                   |  1- 3 |  4- 6 || total
-------------------------+-------+-------++-------
Melee: Unarmed           |   179 |    10 ||   189
       Punch             |     2 |     1 ||     3
  Use: Scroll            |     4 |       ||     4
       Potion            |     1 |       ||     1
  Eat: Meat ration       |     1 |       ||     1
       Beef jerky        |     1 |       ||     1
Armor: Ring mail         |    50 |     3 ||    53
       Robe              |     4 |       ||     4
Dodge: Dodged            |   106 |     9 ||   115
